AoeStats
← GAX | Urubu

Arena

507861075Analyzed
4v4 RM · 13d ago on Sep 20, 2026· 35m 31s· 8 players
Game mode
Random Map
Map size
Large (8 player)
Population
200
Speed
Normal
Resources
Standard
Victory
Conquest
Starting age
Dark Age
Ending age
Imperial Age
RankedLock teamsTeams togetherTeam positionsShared explorationLock speedFull tech treeHidden civsTurbo modeCheats
Victory
Defeat
🇩🇪 Dravidians · Germany
1918
+3
🇲🇽 Vikings · Mexico
1825
+5
🇭🇰 Maya · Hong Kong SAR China
1714
+8
🇲🇽 Portuguese · Mexico
1630
+11
🇩🇪 Slavs · Germany
1606
-9
🇧🇷 Gurjaras · Brazil
1597
-8
🇲🇽 Cumans · Mexico
1507
-6
VL Mibel
10:24 Feudal Age
14:31 Castle Age
12:41 Horse Collar
14:04 Double-Bit Axe
15:32 Bow Saw
17:46 Heavy Plow
22:37 Gold Mining
22:40 Stone Mining
26:18 Imperial Age
23:36 Loom
23:41 Town Watch
25:08 Gold Shaft Mining
24:44 Fletching
25:16 Bodkin Arrow
25:15 Crossbowman
26:01 Padded Archer Armor
26:57 Ballistics
27:05 Bracer
28:25 Chemistry
29:07 Capped Ram
29:16 Arbalester
31:01 Bogsveigar
33:17 Conscription
33:33 Hoardings
32:56 Siege Ram
34:30 Siege Engineers
34:06 Treadmill Crane
34:39 Masonry
36:52 Two-Man Saw
36:24 Crop Rotation
SimmaHem7912
0:27 Loom
6:51 Loom
9:56 Feudal Age
10:24 Double-Bit Axe
16:06 Castle Age
14:14 Horse Collar
17:39 Wheelbarrow
17:06 Heavy Plow
17:21 Bow Saw
17:31 Heavy Plow
21:39 Gold Mining
23:01 Stone Mining
26:52 Treadmill Crane
32:53 Imperial Age
32:27 Hand Cart
31:58 Town Watch
32:59 Masonry
33:58 Conscription
33:35 Fletching
35:36 Chemistry
35:07 Architecture
34:44 Bodkin Arrow
34:50 Scale Mail Armor
35:25 Siege Engineers
36:04 Arquebus
[o.p.]Oliver_Khan
10:05 Feudal Age
13:45 Castle Age
11:43 Double-Bit Axe
11:58 Horse Collar
14:32 Loom
15:11 Bow Saw
21:17 Wheelbarrow
21:48 Gold Mining
26:32 Imperial Age
24:26 Heavy Plow
24:35 Fletching
25:25 Ballistics
25:21 Hand Cart
25:43 Bodkin Arrow
25:59 Padded Archer Armor
27:05 Thumb Ring
27:09 Husbandry
28:01 Bracer
29:27 Chemistry
29:10 Leather Archer Armor
29:17 Town Watch
30:27 Ring Archer Armor
29:36 Elite Elephant Archer
31:18 Caravan
32:38 Conscription
33:02 Ring Archer Armor
33:06 Murder Holes
33:27 Fortified Wall
33:41 Medical Corps
Random Civ Pocket
0:26 Loom
10:28 Feudal Age
14:53 Castle Age
13:20 Double-Bit Axe
13:33 Horse Collar
16:03 Bow Saw
21:31 Wheelbarrow
20:51 Gold Mining
23:17 Heavy Plow
25:33 Stone Mining
29:05 Imperial Age
26:24 Town Watch
26:54 Scale Mail Armor
27:44 Chain Mail Armor
28:07 Pikeman
28:59 Forging
29:02 Hul'che Javelineers
29:33 Hand Cart
29:39 Squires
30:17 Iron Casting
31:10 Two-Man Saw
29:40 Halberdier
30:30 Capped Ram
31:43 Plate Mail Armor
30:45 Elite Skirmisher
31:19 Fletching
32:53 Blast Furnace
33:12 Conscription
32:28 Siege Ram
35:12 Hoardings
35:17 Bodkin Arrow
35:23 Padded Archer Armor
36:39 Chemistry
36:03 Bracer
我是软脚虾,求求你不要伤害我
10:47 Feudal Age
14:36 Castle Age
13:24 Double-Bit Axe
13:57 Horse Collar
15:38 Bow Saw
21:21 Heavy Plow
23:25 Wheelbarrow
23:39 Gold Mining
28:39 Imperial Age
26:02 Loom
26:03 Town Watch
26:38 Hand Cart
26:40 Corvinian Army
27:01 Fletching
27:12 Padded Archer Armor
27:34 Ballistics
27:26 Masonry
28:45 Scale Barding Armor
28:52 Bloodlines
28:42 Husbandry
29:47 Chain Barding Armor
31:04 Two-Man Saw
31:06 Plate Barding Armor
31:18 Conscription
31:40 Elite Skirmisher
32:25 Elite Magyar Huszar
34:09 Bodkin Arrow
GAX | Urubu
5:11 Loom
10:34 Feudal Age
14:21 Castle Age
12:20 Double-Bit Axe
12:19 Horse Collar
20:30 Wheelbarrow
20:57 Bow Saw
20:55 Heavy Plow
21:54 Gold Mining
25:53 Fletching
29:09 Imperial Age
27:21 Gold Shaft Mining
26:36 Stone Mining
28:09 Padded Archer Armor
28:35 Ballistics
28:58 Thumb Ring
29:11 Leather Archer Armor
29:33 Bodkin Arrow
30:19 Kshatriyas
30:36 Conscription
30:41 Bracer
31:08 Bloodlines
32:16 Elite Elephant Archer
33:02 Husbandry
33:45 Heavy Camel Rider
34:41 Scale Barding Armor
34:47 Forging
35:07 Frontier Guards
[SotC ]Risck
10:53 Feudal Age
15:15 Castle Age
13:33 Double-Bit Axe
14:49 Horse Collar
16:07 Bow Saw
22:35 Fletching
23:27 Bodkin Arrow
25:57 Padded Archer Armor
26:48 Wheelbarrow
26:02 Capped Ram
30:34 Imperial Age
28:09 Loom
28:39 Hand Cart
28:57 Leather Archer Armor
29:06 Gold Mining
30:26 Elite Skirmisher
31:11 Thumb Ring
31:06 Onager
35:50 Chemistry
Willox
10:51 Feudal Age
14:33 Castle Age
12:38 Double-Bit Axe
12:45 Horse Collar
15:33 Bow Saw
15:54 Gold Mining
21:19 Loom
22:39 Wheelbarrow
23:36 Heavy Plow
23:56 Scale Mail Armor
26:31 Hand Cart
29:00 Imperial Age
26:04 Man-at-Arms
27:19 Squires
27:35 Chain Mail Armor
27:31 Forging
27:23 Long Swordsman
28:14 Forging
28:58 Coinage
29:39 Sanctity
29:09 Two-Handed Swordsman
30:20 Plate Mail Armor
30:26 Iron Casting
30:07 Fletching
30:49 Block Printing
30:04 Onager
30:45 Champion
31:59 Siege Engineers
32:54 Chemistry
32:06 Masonry
33:48 Blast Furnace
34:26 Siege Onager
Connection lost

Rejoining the realm…

Still unreachable

The connection could not be restored.

Session expired

The server has moved on; the page needs a fresh start.